 Dungeon Crawl Stone Soup version 0.31.0-12-g77e489cdc1 (webtiles) character file.

Game seed: 8876353313771932312

15 LabCoat the Trooper (level 2, 27/27 HPs)
             Began as a Hill Orc Fighter on Feb 11, 2024.
             Quit the game on level 1 of the Dungeon.
             The game lasted 00:01:02 (422 turns).

LabCoat the Trooper (Hill Orc Fighter)               Turns: 422, Time: 00:01:03

Health: 27/27      AC:  6    Str: 18    XL:     2   Next: 50%
Magic:  2/2        EV:  9    Int:  8    God:
Gold:   41         SH:  4    Dex: 10    Spells: 1/1 levels left

rFire   . . .        a - +0 war axe
rCold   . . .        c - +0 buckler
rNeg    . . .        b - +0 scale mail
rPois   .            (no helmet)
rElec   .            (no cloak)
rCorr   .            (no gloves)
SInv    .            (no boots)
Will    .....        (no amulet) Stlth
                     (no ring)
HPRegen 0.24/turn    (no ring)
MPRegen 0.08/turn

%: no passive effects
@: no status effects
A: no striking features
a: no special abilities


You were on level 1 of the Dungeon.
You visited 1 branch of the dungeon, and saw 1 of its levels.

You collected 41 gold pieces.

Inventory:

Hand Weapons
 a - a +0 war axe (weapon)
Armour
 b - a +0 scale mail (worn)
 c - a +0 buckler (worn)
Scrolls
 e - a scroll of acquirement {unknown}
 f - a scroll of silence {unknown}
Potions
 d - 2 potions of might


   Skills:
 * Level 3.9 Fighting
 * Level 3.0 Axes
 + Level 0.2 Throwing
 * Level 3.5 Armour
 + Level 0.0 Dodging
 + Level 3.3 Shields
 * Level 0.6 Evocations


You had one spell level left.
You didn't know any spells.
Your spell library was empty.

Dungeon Overview and Level Annotations

Branches:
Dungeon (1/15)

Altars:


Message History

A bat comes into view.
The bat barely misses you. The bat completely misses you.
You barely miss the bat. The bat hits you but does no damage.
The bat closely misses you. The bat closely misses you. The bat hits you. x2
You hit the bat.
You kill the bat!
There is a stone staircase leading down here.
You now have 41 gold pieces (gained 12).
A rat comes into view.
The rat squeaks loudly.
You block the rat's attack.
You closely miss the rat. You block the rat's attack.
The rat bites you but does no damage.
You hit the rat but do no damage. You block the rat's attack.
You slash the rat!
You kill the rat!
Your Axes skill increases to level 3!
No target in view!
You see here a rat corpse.
A goblin comes into view. It is wielding a +0 dagger.
The goblin shouts!
The goblin closely misses you.
You hit the goblin.
The goblin is moderately wounded.
The goblin barely misses you. x2
You closely miss the goblin.
The goblin is moderately wounded.
The goblin hits you but does no damage.
You closely miss the goblin.
The goblin is moderately wounded.
The goblin closely misses you. You block the goblin's attack.
You barely miss the goblin.
The goblin is moderately wounded.
The goblin barely misses you.
You closely miss the goblin.
The goblin is moderately wounded.
The goblin hits you but does no damage.
Are you sure you want to abandon this character and quit the game? (Confirm with "yes".)

###..# #.# #.###..
######.#..###.# #.#.#.#
..............####......
............†.......)###
........#.##.###...#...#
#.......##.##...###.)#
#~#...####.#...## ##.. ≈
#...# #.##...###.##
##.@# #.###...#.##
#.g.....# ##.#.##
≈≈..###### #.### ≈≈##..#
#.# ### #≈ ..## #.# #..
≈≈ ~.. #.# #.# # ...
#.####.# .... #......#
########


You could see a goblin.

Vanquished Creatures
  2 ball pythons (D:1)
  An endoplasm (D:1)
  A giant cockroach (D:1)
  A goblin (D:1)
  2 kobolds (D:1)
  2 quokkas (D:1)
  2 bats (D:1)
  2 rats (D:1)
13 creatures vanquished.

Notes
Turn   | Place    | Note
-------+----------+-------------------------------------------
     0 | D:1      | LabCoat the Hill Orc Fighter began the quest for the Orb.
     0 | D:1      | Reached XP level 1. HP: 19/19 MP: 1/1
   114 | D:1      | Reached XP level 2. HP: 27/27 MP: 2/2
   422 | D:1      | Quit the game

Illustrated notes

Levels and vault maps discovered:
D:1:      evilmike_arrival_crescent, layout_loops_corners,
          roderic_serpentine_path, hangedman_abyss_or_decor_stabs,
          nicolae_shop_unique_rings, minivault_4

Skill      XL: |  1  2 |
---------------+-------+-----
Axes           | 3 |  3.0
Fighting       | |  3.9
Throwing       | |  0.2
Armour         | |  3.5
Shields        | |  3.3
Evocations     | |  0.6

Action                     || total
---------------------------++-------
  Melee: War axe           ||    32
 Armour: Scale mail        ||    27
  Dodge: Dodged            ||    25
  Block: Buckler           ||     8
